 Dungeon Crawl Stone Soup version 0.21.1-1-g345015fe64 (webtiles) character file.

35 Jannitor the Charmwright (level 3, 0/28 HPs)
             Began as a Barachi Skald on May 28, 2018.
             Slain by a gnoll
             ... wielding a +0 spear of piercing
              (1 damage)
             ... on level 1 of the Dungeon.
             The game lasted 00:03:02 (1490 turns).

Jannitor the Charmwright (Barachi Skald)            Turns: 1490, Time: 00:03:02

Health: 0/28       AC:  5    Str: 12    XL:     3   Next: 33%
Magic:  3/6        EV: 11    Int: 14    God:
Gold:   40         SH:  0    Dex: 11    Spells: 3/6 levels left

rFire    . . .     SeeInvis .   a - +1 mace
rCold    . . .     Gourm    .   (no shield)
rNeg     . . .     Faith    .   f - +0 ring mail
rPois    .         Spirit   .   (no helmet)
rElec    .         Reflect  .   (no cloak)
rCorr    .         Harm     .   (no gloves)
MR       .....                  (no boots)
Stlth    +.........             g - amulet of inaccuracy (curse)
HPRegen  0.09/turn              (no ring)
MPRegen  0.10/turn              (no ring)

@: infused, can't hop, slow
A: +LOS, swims, slowness 1, strong legs 1
a: Hop


You were on level 1 of the Dungeon.
You were hungry.

You visited 1 branch of the dungeon, and saw 2 of its levels.

You collected 40 gold pieces.

Inventory:

Hand Weapons
 a - a +1 mace (weapon)
Armour
 b - a +0 leather armour
 f - a +0 ring mail (worn)
Jewellery
 g - a cursed amulet of inaccuracy (around neck)
Scrolls
 e - a scroll of immolation
Books
 c - a book of Battle

   Spells                             Type                      Level
   a - Infusion                       Charms                       1
   b - Shroud of Golubria             Charms/Translocation         2
   c - Song of Slaying                Charms                       2
   d - Spectral Weapon                Hexes/Charms                 3
   e - Regeneration                   Charms/Necromancy            3
Comestibles
 d - a ration


   Skills:
 + Level 2.9 Fighting
 + Level 2.6 Maces & Flails
 + Level 2.0 Armour
 + Level 2.6 Dodging
 - Level 2.1 Spellcasting
 + Level 3.6 Charms


You had 3 spell levels left.
You knew the following spells:

 Your Spells              Type           Power        Failure   Level  Hunger
a - Infusion              Chrm           ##..         12%         1    #......
b - Shroud of Golubria    Chrm/Tloc      #.........   36%         2    ###....


Dungeon Overview and Level Annotations

Branches:
Dungeon (2/15)

Altars:

Annotations:
D:2 Sigmund


Innate Abilities, Weirdness & Mutations

Shadows flee at your approach. (+LOS)
You can swim through water.
You cover ground slowly.
You can hop short distances.


Message History

The gnoll barely misses you. x2
Unknown command.
Hop to where?
Press: ? - help, Dir - move target cursor Boing!
You aren't carrying any potions.
Okay, then.
Unknown command.
You aren't carrying any items that you can evoke.
Unknown command.
Unknown command.
Unknown command.
The gnoll hits you with a club.
* * * LOW HITPOINT WARNING * * *
The gnoll hits you but does no damage.
You sock the gnoll!
The gnoll is severely wounded.
The gnoll barely misses you.
The gnoll hits you from afar with a spear of piercing.
You die...

#...#........#
#.#.#........# ####
#.#....).....# ...#
#.#..........# ...#
#.#....##.#### ...#
##.#....##.######### ...###
#...######.........#
.....####...##############.#
........'.......@gg.>......#
..)#.#.##...########)#######
##.....##...# #.#
####...##...# #.#
...#...##...## ###
.......##....#
###..#.##....# #
#..#.##....# # #..#.##....#


You could see 2 gnolls.

Vanquished Creatures
  A giant cockroach (D:1)
  6 goblins
  7 hobgoblins
  5 bats
  4 frilled lizards (D:1)
  4 kobolds (D:1)
  5 rats
32 creatures vanquished.

Vanquished Creatures (others)
  9 toadstools (D:2)
9 creatures vanquished.

Grand Total: 41 creatures vanquished

Notes
Turn   | Place    | Note
-------+----------+-------------------------------------------
     0 | D:1      | Jannitor the Barachi Skald began the quest for the Orb.
     0 | D:1      | Reached XP level 1. HP: 17/17 MP: 3/3
   127 | D:1      | Reached XP level 2. HP: 15/23 MP: 1/5
   216 | D:1      | Learned a level 2 spell: Shroud of Golubria
   784 | D:1      | Reached XP level 3. HP: 21/28 MP: 1/6
   970 | D:2      | Noticed Sigmund
  1489 | D:1      | HP: 1/28 [gnoll/club (5)]
  1490 | D:1      | Slain by a gnoll

Skill      XL: |  1  2  3 |
---------------+----------+-----
Armour         | 2 |  2.0
Fighting       | |  2.9
Maces & Flails | |  2.6
Dodging        | |  2.6
Spellcasting   | |  2.1
Charms         | |  3.6

Action                   || total
-------------------------++-------
Melee: Mace              ||   114
 Cast: Infusion          ||     9
       Shroud of Golubri ||     3
 Abil: Hop               ||     1
  Use: Scroll            ||     4
 Stab: Sleeping          ||     1
  Eat: Chunk             ||     2
Armor: Leather armour    ||    29
       Ring mail         ||     2
Dodge: Dodged            ||   109
